[Event "Team 45 45 League T63"]
[Site "Internet Chess Club"]
[Date "2014.12.15"]
[Round "3"]
[White "idjit"]
[Black "tightfist"]
[Result "1-0"]
[WhiteElo "1597"]
[BlackElo "1525"]
[Opening "King's pawn opening"]
[ECO "B07"]
[Time "11:32:09"]
[TimeControl "2700+45"]

1. e4 d6 2. d4 g6 3. Nf3 Bg4 4. Bc4 e6 5. O-O Nf6 6. h3 Bxf3 7. Qxf3 e5 8. dxe5
dxe5 9. Qb3 Qc8 10. Bxf7+ Ke7 11. Bg5 Nc6 12. Bxf6+ Kxf6 13. Qf3+ Kg7 14. Bd5
Qe8 15. Nc3 Nd4 16. Qd3 c6 17. Bb3 Bb4 18. f4 Bxc3 19. bxc3 Nb5 20. fxe5 Rf8 21.
Rxf8 Qxf8 22. Qd7+ Kh8 23. Rf1 Qc5+ 24. Kh1 Rf8 25. Rf7 Rxf7 26. Qxf7 {Black
forfeits on time} 1-0

[Event "Team 45 45 League T63"]
[Site "Internet Chess Club"]
[Date "2014.12.14"]
[Round "3"]
[White "SaltofLife"]
[Black "DouDou"]
[Result "1-0"]
[WhiteElo "1984"]
[BlackElo "1707"]
[Opening "King's Indian: Torre attack"]
[ECO "A48"]
[Time "14:30:29"]
[TimeControl "2700+45"]

1. d4 Nf6 2. Nf3 g6 3. Bg5 Bg7 4. Nbd2 d5 5. e3 O-O 6. Be2 c5 7. c3 cxd4 8. cxd4
Bf5 9. Ne5 Nbd7 10. Bf4 Nxe5 11. dxe5 Nd7 12. Nf3 Rc8 13. O-O e6 14. h3 Qb6 15.
b3 f6 16. exf6 Bxf6 17. Rc1 Bb2 18. Rxc8 Rxc8 19. Nd4 Bxd4 20. Qxd4 Rc2 21. g4
Qxd4 22. exd4 Rxe2 23. gxf5 exf5 24. Rc1 Rxa2 25. Rc7 Nb6 26. Rxb7 Ra3 27. Kg2
Rxb3 28. Rxa7 Nc4 29. Rd7 Rb6 30. Rxd5 Rc6 31. Rd7 Nb6 32. d5 Nxd7 33. dxc6 Nb6
34. Kf3 Kf7 35. Ke3 Ke6 36. Kd4 Nc8 37. h4 Ne7 38. c7 Kd7 39. Ke5 Ng8 40. c8=Q+
Kxc8 41. Ke6 Kd8 42. Kf7 Ne7 43. Bg5 h6 44. Bxe7+ Kd7 45. Bf6 g5 46. Bxg5 h5 47.
f4 Kd6 48. Kf6 Kd7 49. Kxf5 Ke8 50. Kg6 {Black resigns} 1-0

[Event "Team 45 45 League T63"]
[Site "Internet Chess Club"]
[Date "2014.12.14"]
[Round "3"]
[White "chessnow"]
[Black "Visin"]
[Result "1-0"]
[WhiteElo "1728"]
[BlackElo "1278"]
[Opening "Ruy Lopez: Steinitz defense deferred (Russian defense)"]
[ECO "C79"]
[Time "11:32:26"]
[TimeControl "2700+45"]

1. e4 e5 2. Nf3 Nc6 3. Bb5 a6 4. Ba4 d6 5. O-O Nf6 6. d3 Be7 7. Nc3 Bd7 8. Be3
O-O 9. Qd2 b5 10. Bb3 Rb8 11. Nd5 Bg4 12. Qe2 Nd4 13. Bxd4 exd4 14. h3 Bh5 15.
Nxf6+ Bxf6 16. g4 Bg6 17. Nh2 h6 18. f4 c5 19. f5 Bh7 20. Nf3 Rc8 21. Bd5 Qc7
22. h4 Qe7 23. Qh2 Be5 24. Qg2 Kh8 25. g5 hxg5 26. hxg5 g6 27. f6 Qd7 28. Nxe5
dxe5 29. Kh2 Kg8 30. Qh3 Qxh3+ 31. Kxh3 Rfd8 32. Kg4 Kf8 33. Rh1 Bg8 34. Rh8 c4
35. dxc4 bxc4 36. Rh3 a5 37. Ra3 Rc5 38. Rd1 Rb8 39. b3 cxb3 40. Bxb3 Rc3 41.
Rd3 Rxd3 42. cxd3 Rb5 43. Bc4 Rc5 44. Rb3 Rc8 45. Rb5 a4 46. Rxe5 Rxc4 47. dxc4
{Black resigns} 1-0

[Event "Team 45 45 League T63"]
[Site "Internet Chess Club"]
[Date "2014.12.11"]
[Round "3"]
[White "spongenotbob"]
[Black "flyingpawns"]
[Result "1-0"]
[WhiteElo "1929"]
[BlackElo "1825"]
[Opening "French: Burn variation"]
[ECO "C11"]
[Time "21:30:08"]
[TimeControl "2700+45"]

1. e4 e6 2. d4 d5 3. Nc3 Nf6 4. Bg5 dxe4 5. Nxe4 Be7 6. Nxf6+ Bxf6 7. Bxf6 Qxf6
8. Nf3 O-O 9. Bd3 b6 10. O-O Bb7 11. Be2 Rd8 12. c3 c5 13. Qc2 Nd7 14. Rfd1 Rac8
15. dxc5 Nxc5 16. Rxd8+ Rxd8 17. Rd1 Be4 18. Qc1 Bc6 19. Rd2 Ne4 20. Rd4 Re8 21.
Qe3 Nc5 22. Rf4 Qg6 23. b4 Qb1+ 24. Bf1 Na4 25. Ne5 Rc8 26. Nxc6 Rxc6 27. b5
{Black resigns} 1-0

[Event "Team 45 45 League T63"]
[Site "Internet Chess Club"]
[Date "2014.12.12"]
[Round "3"]
[White "seattleblues"]
[Black "sdcohle"]
[Result "1/2-1/2"]
[WhiteElo "1413"]
[BlackElo "1367"]
[Opening "QGD: classical variation (5.Bf4)"]
[ECO "D37"]
[Time "21:30:40"]
[TimeControl "2700+45"]

1. d4 d5 2. Nf3 e6 3. c4 Nf6 4. Nc3 Be7 5. Bf4 b6 6. e3 Bb7 7. Bd3 dxc4 8. Bxc4
O-O 9. h3 Nbd7 10. O-O Ne4 11. Rc1 Bd6 12. Bxd6 Nxd6 13. Bd3 Nf6 14. Re1 Nde4
15. Nb5 c6 16. Na3 Rc8 17. Nc4 c5 18. dxc5 Rxc5 19. Qe2 Qc8 20. b4 Rc7 21. Nfe5
b5 22. f3 bxc4 23. Bxe4 Nxe4 24. fxe4 Bxe4 25. Nxc4 Bd5 26. Nd6 Qd7 27. Rxc7
Qxc7 28. Nb5 Qb6 29. a3 Rc8 30. Nd4 Be4 31. Qf2 Qb7 32. Nf3 Rc2 33. Re2 {Game
drawn by mutual agreement} 1/2-1/2

[Event "Team 45 45 League T63"]
[Site "Internet Chess Club"]
[Date "2014.12.13"]
[Round "3"]
[White "fishhead"]
[Black "smyslovVchess"]
[Result "1-0"]
[WhiteElo "1782"]
[BlackElo "1585"]
[Opening "Philidor's defense"]
[ECO "C41"]
[Time "19:07:16"]
[TimeControl "2700+45"]

1. e4 e5 2. Nf3 d6 3. d4 Bg4 4. dxe5 Bxf3 5. Qxf3 dxe5 6. Bc4 Nf6 7. Qb3 Bd6 8.
Bxf7+ Kf8 9. Qxb7 Nbd7 10. Bb3 a5 11. Nc3 Nc5 12. Qc6 Ra6 13. Qb5 a4 14. Bxa4
Rb6 15. Qe2 Kf7 16. O-O Nxa4 17. Nxa4 Rb4 18. Nc3 Re8 19. a3 Rd4 20. Be3 Kg8 21.
Bxd4 exd4 22. Nd5 Nxd5 23. Qc4 Kh8 24. exd5 Qh4 25. g3 Qh3 26. Rfe1 Rf8 27. Qxd4
h6 28. Re2 Kh7 29. Rae1 Rf7 30. Qe4+ g6 31. Qe6 Qxe6 32. dxe6 Re7 33. b4 Kg7 34.
c4 {Black resigns} 1-0

[Event "Team 45 45 League T63"]
[Site "Internet Chess Club"]
[Date "2014.12.14"]
[Round "3"]
[White "hudson"]
[Black "no2"]
[Result "0-1"]
[WhiteElo "1619"]
[BlackElo "1723"]
[Opening "Bishop's opening: Berlin defense"]
[ECO "C24"]
[Time "13:01:08"]
[TimeControl "2700+45"]

1. e4 e5 2. Bc4 Nf6 3. d3 c6 4. Nf3 d6 5. c3 Be7 6. O-O O-O 7. Nbd2 Bg4 8. h3
Bh5 9. a4 Nbd7 10. Re1 Nc5 11. d4 Ncd7 12. Nf1 Qc7 13. Ng3 Bg6 14. Nh4 Rfe8 15.
Nxg6 hxg6 16. Qf3 Nb6 17. Bb3 Bf8 18. dxe5 dxe5 19. Bg5 Nh7 20. Be3 Rad8 21. a5
Nc8 22. Red1 Nf6 23. Bg5 Qe7 24. h4 Rxd1+ 25. Rxd1 Rd8 26. Rxd8 Qxd8 27. h5 gxh5
28. Nxh5 Be7 29. Qf5 Nd6 30. Qg6 Nxh5 31. Bxe7 Qxe7 32. Qxh5 Nxe4 33. Qf5 Nd6
34. Qg6 Ne8 35. Qf5 Nd6 36. Qg6 Qf6 37. Qxf6 gxf6 38. Kf1 f5 39. g3 Kg7 40. f4
e4 41. Kf2 Kf6 42. Ke3 Nb5 43. Bc4 Nd6 44. Bb3 b6 45. axb6 axb6 46. Kd4 Nb5+ 47.
Ke3 Kg6 48. Ba4 Na7 49. Bd1 Nb5 50. Ba4 Kf6 51. Bd1 Nd6 52. Kd4 Nb5+ 53. Ke3 c5
54. g4 Nd6 55. g5+ Kg6 56. Be2 f6 57. gxf6 Kxf6 58. b4 Ke6 59. Bf1 Kd5 60. bxc5
bxc5 61. Bh3 Kc4 62. Kd2 Kb3 63. Bf1 Nc4+ {White resigns} 0-1

[Event "Team 45 45 League T63"]
[Site "Internet Chess Club"]
[Date "2014.12.14"]
[Round "3"]
[White "lilith"]
[Black "alexine"]
[Result "0-1"]
[WhiteElo "1500"]
[BlackElo "1541"]
[Opening "Queen's pawn game, Chigorin variation"]
[ECO "D02"]
[Time "03:06:38"]
[TimeControl "2700+45"]

1. d4 d5 2. Nf3 Nc6 3. h3 g6 4. Bf4 Bg7 5. e3 Nf6 6. c4 e6 7. Bd3 O-O 8. Nbd2
Re8 9. O-O b6 10. a3 a5 11. Re1 Nd7 12. Rc1 Bb7 13. Qb3 a4 14. Qa2 Nf8 15. c5 e5
16. dxe5 Nxe5 17. Nxe5 Bxe5 18. Bxe5 Rxe5 19. Nf3 Re7 20. Nd4 bxc5 21. Rxc5 Nd7
22. Rc3 c5 23. Nf3 c4 24. Be2 Nc5 25. Nd4 Qb6 26. Qb1 Rae8 27. Kf1 Qf6 28. Bf3
Nd3 29. Rd1 Qh4 30. Qc2 f5 31. Nb5 Qf6 32. Be2 Nc5 33. Bf3 Nd3 34. Be2 f4 35.
Bxd3 fxe3 36. Re1 cxd3 37. Rxd3 e2+ 38. Kg1 Qe5 39. Re3 Qg5 40. Nd6 Rxe3 41.
fxe3 Qxe3+ 42. Kh1 Qf2 43. Qc1 d4 44. Nxb7 d3 45. Qc4+ Kg7 46. Qc7+ Kh6 47. Qc1+
Kg7 48. Qc7+ Kh6 49. Qc1+ Qe3 {White resigns} 0-1

[Event "Team 45 45 League T63"]
[Site "Internet Chess Club"]
[Date "2014.12.13"]
[Round "3"]
[White "BrianWood"]
[Black "arconia"]
[Result "1-0"]
[WhiteElo "1487"]
[BlackElo "1313"]
[Opening "English opening"]
[ECO "A10"]
[Time "14:01:38"]
[TimeControl "2700+45"]

1. c4 Nc6 2. Nf3 e6 3. g3 d6 4. Bg2 Be7 5. O-O Nf6 6. d3 h6 7. Nc3 O-O 8. e3 Nh7
9. d4 Qe8 10. e4 e5 11. d5 Nd8 12. Ne1 f5 13. f4 Qg6 14. Nd3 Nf7 15. Qe2 h5 16.
fxe5 dxe5 17. exf5 Bxf5 18. Be4 Nfg5 19. Bxf5 Rxf5 20. Rxf5 Nh3+ 21. Kg2 Qxf5
22. Qe4 Qxe4+ 23. Nxe4 N3g5 24. Nxg5 Nxg5 25. Bxg5 Bxg5 26. Nxe5 Re8 27. Re1 Bf6
28. Nd3 Rxe1 29. Nxe1 Bxb2 30. Nd3 Ba3 31. Nf4 h4 32. gxh4 Be7 33. Kh3 Kh7 34.
Ne6 c6 35. dxc6 bxc6 36. a4 Kh6 37. Kg4 a5 38. Nd4 c5 39. Nf5+ {Black resigns}
1-0

[Event "Team 45 45 League T63"]
[Site "Internet Chess Club"]
[Date "2014.12.13"]
[Round "3"]
[White "fireball"]
[Black "tammany"]
[Result "0-1"]
[WhiteElo "1616"]
[BlackElo "1736"]
[Opening "Sicilian: Smith-Morra gambit"]
[ECO "B21"]
[Time "11:02:36"]
[TimeControl "2700+45"]

1. e4 c5 2. d4 cxd4 3. c3 dxc3 4. Nxc3 e6 5. Nf3 a6 6. Bc4 Nc6 7. O-O Qc7 8. Qe2
Nge7 9. Bg5 Ng6 10. Rac1 Be7 11. Bxe7 Ngxe7 12. Nd5 Qd8 13. Ne3 O-O 14. e5 Ng6
15. Nc2 b5 16. Bd3 Nf4 17. Qe4 Nxd3 18. Qxd3 f6 19. exf6 Qxf6 20. Ncd4 Nxd4 21.
Nxd4 Bb7 22. Rc7 Bd5 23. b3 Qg5 24. f3 Rac8 25. Rxd7 Rc1 26. Rxc1 Qxc1+ 27. Qf1
Qd2 28. Nxe6 Qe3+ 29. Qf2 Qxe6 30. Rc7 Rc8 31. Rxc8+ Qxc8 32. Qd4 Qe6 33. Kf2 h6
34. Qa7 Qc6 35. Qb8+ Kh7 36. Qf8 Qc2+ 37. Kg3 Bg8 38. Qa3 Qc6 39. Qe7 a5 40.
Qe4+ Qxe4 41. fxe4 g5 42. Kf3 Bxb3 43. axb3 a4 44. bxa4 bxa4 45. Ke3 a3 {White
resigns} 0-1

[Event "Team 45 45 League T63"]
[Site "Internet Chess Club"]
[Date "2014.12.13"]
[Round "3"]
[White "Constrictor"]
[Black "Skeptic1972"]
[Result "1/2-1/2"]
[WhiteElo "1666"]
[BlackElo "1599"]
[Opening "Queen's Indian: old main line, 7.Nc3"]
[ECO "E18"]
[Time "12:04:34"]
[TimeControl "2700+45"]

1. Nf3 Nf6 2. d4 e6 3. c4 b6 4. g3 Bb7 5. Bg2 Be7 6. O-O O-O 7. Nc3 Ne4 8. Qd3
Nxc3 9. bxc3 d6 10. Ng5 Bxg5 11. Bxb7 Bxc1 12. Raxc1 Nd7 13. Bxa8 Qxa8 14. f4 f5
15. Qf3 Nf6 16. Qxa8 Rxa8 17. d5 exd5 18. cxd5 Nxd5 19. Rfe1 Re8 20. c4 Nf6 21.
Rc3 Ne4 22. Ra3 a5 23. Re3 Re6 24. Rd1 Kf7 25. Rd4 g6 26. Kg2 h5 27. Kf3 Kf6 28.
h3 Kf7 29. g4 h4 30. g5 Ke7 31. Rd5 {Game drawn by mutual agreement} 1/2-1/2

[Event "Team 45 45 League T63"]
[Site "Internet Chess Club"]
[Date "2014.12.11"]
[Round "3"]
[White "Insan996"]
[Black "Hal2001"]
[Result "1/2-1/2"]
[WhiteElo "1533"]
[BlackElo "1548"]
[Opening "Modern defense"]
[ECO "A40"]
[Time "19:37:06"]
[TimeControl "2700+45"]

1. d4 g6 2. Nf3 Bg7 3. e3 c5 4. b3 cxd4 5. Nxd4 Nc6 6. Bb2 Nf6 7. Be2 O-O 8. O-O
d6 9. c4 Bd7 10. Bf3 a6 11. Nxc6 Bxc6 12. Bxc6 bxc6 13. Nc3 a5 14. Qc2 Qc7 15.
Rab1 Rab8 16. Na4 Rfd8 17. h3 Nd7 18. Rbc1 Nc5 19. Nxc5 dxc5 20. Bxg7 Kxg7 21.
Rfd1 Rxd1+ 22. Rxd1 Rd8 23. Rd3 Rxd3 24. Qxd3 Qe5 25. Qd2 Qc7 26. e4 e6 27. f3
f5 28. exf5 exf5 29. Kf2 f4 30. Qd3 Qe5 31. Qe2 Qd4+ 32. Ke1 Qa1+ 33. Kf2 Qd4+
34. Ke1 Qa1+ 35. Kf2 Qd4+ 36. Kf1 Qa1+ 37. Kf2 Qd4+ {Game drawn by repetition}
1/2-1/2

[Event "Team 45 45 League T63"]
[Site "Internet Chess Club"]
[Date "2014.12.15"]
[Round "3"]
[White "Gilguli"]
[Black "Ajolote"]
[Result "0-1"]
[WhiteElo "1429"]
[BlackElo "1694"]
[Opening "Vienna gambit"]
[ECO "C25"]
[Time "16:00:40"]
[TimeControl "2700+45"]

1. e4 e5 2. Nc3 Nc6 3. f4 Bb4 4. Bc4 Bxc3 5. bxc3 exf4 6. Nf3 Nge7 7. d4 Ng6 8.
Ba3 d6 9. O-O O-O 10. e5 Bg4 11. h3 Bxf3 12. Qxf3 Qd7 13. Bb5 a6 14. Ba4 b5 15.
Bb3 Rab8 16. Rae1 Rfe8 17. Bd5 Rb6 18. e6 fxe6 19. Rxe6 Rxe6 20. Re1 Nd8 21. Qg4
Nf8 22. Qxf4 c6 23. Bxe6+ Ndxe6 24. Qxd6 Qxd6 25. Bxd6 Rb7 26. Re5 Rd7 27. Bb4
Rd5 28. Kf2 Kf7 29. Ke3 Ng6 30. g4 Nxe5 {White resigns} 0-1

[Event "Team 45 45 League T63"]
[Site "Internet Chess Club"]
[Date "2014.12.16"]
[Round "3"]
[White "chessfish1"]
[Black "RubberDuck"]
[Result "1/2-1/2"]
[WhiteElo "1935"]
[BlackElo "1939"]
[Opening "Sicilian: Canal-Sokolsky attack, Bronstein gambit"]
[ECO "B52"]
[Time "14:01:07"]
[TimeControl "2700+45"]

1. e4 c5 2. Nf3 d6 3. Bb5+ Bd7 4. Bxd7+ Qxd7 5. O-O Nc6 6. c3 Nf6 7. d4 e6 8. d5
Ne7 9. dxe6 fxe6 10. e5 dxe5 11. Nxe5 Qxd1 12. Rxd1 Nf5 13. Na3 a6 14. Nac4 b5
15. Na5 Bd6 16. Nac6 O-O 17. a4 Nd5 18. Re1 Nfe7 19. Nxe7+ Bxe7 20. Bd2 Rfe8 21.
g3 c4 22. Be3 Bf6 23. Bd4 Bxe5 24. Rxe5 Kf7 25. Kg2 g6 26. Rae1 Rab8 27. h4 h5
28. R5e4 Rbd8 {Game drawn by mutual agreement} 1/2-1/2

[Event "Team 45 45 League T63"]
[Site "Internet Chess Club"]
[Date "2014.12.15"]
[Round "3"]
[White "fledermaus"]
[Black "willhelm"]
[Result "1/2-1/2"]
[WhiteElo "1794"]
[BlackElo "1944"]
[Opening "English: Nimzo-English opening"]
[ECO "A05"]
[Time "15:06:29"]
[TimeControl "2700+45"]

1. Nf3 Nf6 2. c4 e6 3. Nc3 Bb4 4. Qc2 O-O 5. a3 Bxc3 6. Qxc3 d6 7. b4 e5 8. Bb2
Bg4 9. g3 Qc8 10. Bg2 Bh3 11. O-O Bxg2 12. Kxg2 Nbd7 13. d3 Re8 14. e4 c5 15.
Nh4 Nf8 16. Nf5 Qc7 17. Qd2 Ne6 18. Ne3 b6 19. Nd5 Nxd5 20. cxd5 Nd4 21. Bxd4
exd4 22. Rfc1 f5 23. f3 fxe4 24. dxe4 a5 25. bxc5 bxc5 26. Qxd4 Qb6 27. Qc3 Rab8
28. Rab1 Qa6 29. Rb2 Rb5 30. Rcb1 Reb8 31. Rxb5 Rxb5 32. Rxb5 Qxb5 33. Kf2 a4
34. Ke3 Kf7 35. f4 Qb1 36. e5 Qg1+ 37. Kd3 Qf1+ 38. Ke3 Qg1+ 39. Kd3 Qf1+ {Game
drawn by mutual agreement} 1/2-1/2

[Event "Team 45 45 League T63"]
[Site "Internet Chess Club"]
[Date "2014.12.10"]
[Round "3"]
[White "tightfist"]
[Black "SaltofLife"]
[Result "0-1"]
[WhiteElo "1588"]
[BlackElo "1978"]
[Opening "Réti opening"]
[ECO "A05"]
[Time "13:32:38"]
[TimeControl "2700+45"]

1. Nf3 Nf6 2. b4 d5 3. e3 c6 4. Bb2 e6 5. a3 Bd6 6. c4 Nbd7 7. d4 O-O 8. c5 Bc7
9. Nc3 e5 10. dxe5 Nxe5 11. Nxe5 Bxe5 12. Be2 Qe7 13. O-O Bf5 14. Qd2 Bg4 15. h3
Bd7 16. Rfe1 Rfd8 17. Qc2 a5 18. Na4 Bxb2 19. Qxb2 Bf5 20. Nb6 Ra7 21. Qd4 Ne4
22. Rec1 axb4 23. axb4 Rxa1 24. Rxa1 h6 25. Ra7 Rb8 26. Bd3 Bh7 27. f3 Nf6 28.
Qf4 Re8 29. Bxh7+ Kxh7 30. Kf2 Nh5 31. Qf5+ g6 32. Qd3 Qh4+ 33. Kf1 Ng3+ 34. Kg1
Qxb4 35. Rxb7 Qe1+ 36. Kh2 Nf1+ 37. Kg1 Ng3+ 38. Kh2 Kg8 39. Nd7 Nf1+ 40. Kg1
Ng3+ 41. Kh2 Rxe3 42. Qd4 Nf1+ 43. Kg1 Ng3+ 44. Kh2 Qg1+ 45. Kxg3 Rxf3+ 46. Kxf3
Qxd4 47. Rc7 Qd3+ 48. Kf2 d4 49. Rxc6 Qf5+ 50. Ke2 Qe4+ 51. Kf2 Qxc6 52. Ne5
Qxc5 53. Nf3 Qc2+ 54. Kf1 d3 55. h4 d2 56. Nxd2 Qxd2 57. Kg1 Qe1+ 58. Kh2 Qxh4+
59. Kg1 Qg3 60. Kf1 h5 {White resigns} 0-1

[Event "Team 45 45 League T63"]
[Site "Internet Chess Club"]
[Date "2014.12.14"]
[Round "3"]
[White "CuatroPrincesas"]
[Black "DeepGreen"]
[Result "0-1"]
[WhiteElo "2175"]
[BlackElo "2027"]
[Opening "Sicilian: dragon, Yugoslav attack, Rauser variation"]
[ECO "B76"]
[Time "17:02:16"]
[TimeControl "2700+45"]

1. e4 c5 2. Nf3 d6 3. d4 cxd4 4. Nxd4 Nf6 5. Nc3 g6 6. Be3 Bg7 7. f3 O-O 8. Qd2
Nc6 9. O-O-O d5 10. exd5 Nxd5 11. Nxc6 bxc6 12. Bd4 Bxd4 13. Qxd4 Qb6 14. Na4
Qa5 15. b3 Be6 16. Qc5 Qc7 17. g3 Rfd8 18. Bc4 Rd6 19. Bxd5 Bxd5 20. Rd3 Rad8
21. Re1 Be6 22. Rc3 Rd2 23. Qxc6 Qxc6 24. Rxc6 Rxh2 25. Rc7 Rdd2 26. Re3 Bf5 27.
Rec3 h5 28. g4 hxg4 29. fxg4 Bxg4 30. Rxa7 Bf5 31. Rac7 g5 32. b4 g4 33. b5 Rd4
34. b6 Rxa4 35. b7 Rb4 36. Rc8+ Kg7 37. b8=Q Rxb8 38. Rxb8 Rh3 39. Rxh3 gxh3 40.
Rb4 Kg6 41. Kd2 Kg5 42. Ke3 h2 43. Rb1 Kg4 44. Rh1 Kg3 45. c4 Kg2 46. Rxh2+ Kxh2
47. a4 Bc8 48. a5 Kg3 49. Kd4 f5 {White resigns} 0-1

[Event "Team 45 45 League T63"]
[Site "Internet Chess Club"]
[Date "2014.12.15"]
[Round "3"]
[White "xwang1"]
[Black "SlimeDog2"]
[Result "1/2-1/2"]
[WhiteElo "2049"]
[BlackElo "2037"]
[Opening "Ruy Lopez: Berlin defense, open variation"]
[ECO "C67"]
[Time "22:00:35"]
[TimeControl "2700+45"]

1. e4 e5 2. Nf3 Nc6 3. Bb5 Nf6 4. O-O Nxe4 5. d4 Nd6 6. Bxc6 dxc6 7. dxe5 Nf5 8.
Qxd8+ Kxd8 9. Nc3 Ke8 10. h3 h5 11. Ne4 Be7 12. Re1 Be6 13. Bd2 Rd8 14. Rad1 c5
15. Bc3 Bd5 16. Neg5 Rh6 17. a3 Rg6 18. Ne4 h4 19. Kh2 b5 20. Nd6+ Rdxd6 21.
exd6 Bxf3 22. gxf3 cxd6 23. Rd5 Nh6 24. Rh5 Kd7 25. Bxg7 Rxg7 26. Rxh6 Bg5 27.
Rh8 Bf6 28. Ra8 Bxb2 29. Rxa7+ Kc6 30. Ra6+ Kd7 31. Rb1 Be5+ 32. Kh1 Bd4 33.
Rxb5 Bxf2 34. Rbb6 Rg1+ 35. Kh2 Rd1 36. c4 Bg3+ 37. Kg2 Rd2+ 38. Kg1 Rc2 39.
Rb7+ Ke6 40. Ra8 Rxc4 41. a4 Rc1+ 42. Kg2 Rc2+ 43. Kg1 Rc1+ 44. Kg2 Rc2+ 45. Kf1
Rf2+ 46. Kg1 f5 47. a5 Ke5 48. a6 Kf4 49. a7 Re2 50. Rf8 Re1+ 51. Kg2 Re2+ 52.
Kf1 Re1+ 53. Kg2 Re2+ 54. Kf1 Re1+ 55. Kg2 Re2+ 56. Kf1 Re1+ 57. Kg2 Re2+ 58.
Kf1 Re1+ 59. Kg2 Re2+ 60. Kf1 Re1+ 61. Kg2 Re2+ 62. Kf1 Re1+ 63. Kg2 Re2+ 64.
Kf1 Re1+ 65. Kg2 Re2+ {Game drawn by repetition} 1/2-1/2

[Event "Team 45 45 League T63"]
[Site "Internet Chess Club"]
[Date "2014.12.14"]
[Round "3"]
[White "Goli"]
[Black "RobertStephen"]
[Result "0-1"]
[WhiteElo "1882"]
[BlackElo "2006"]
[Opening "Petrov: Cozio (Lasker) attack"]
[ECO "C42"]
[Time "11:08:15"]
[TimeControl "2700+45"]

1. e4 e5 2. Nf3 Nf6 3. Nxe5 d6 4. Nf3 Nxe4 5. Qe2 Qe7 6. d3 Nf6 7. Bg5 Nbd7 8.
Nc3 Qxe2+ 9. Bxe2 Be7 10. O-O-O c6 11. h3 d5 12. a3 h6 13. Bf4 O-O 14. Rde1 Re8
15. Bd1 Nf8 16. g4 N6h7 17. Bd6 Be6 18. Bxe7 Rxe7 19. Nd4 Rae8 20. f4 Nf6 21.
Kd2 Bd7 22. Rxe7 Rxe7 23. Re1 Rxe1 24. Kxe1 Ng6 25. Nde2 h5 26. g5 Nh7 27. Kf2
Bxh3 28. Kg3 Bc8 29. Nb1 Nhf8 30. Nd2 h4+ 31. Kf3 Ne7 32. Ng3 hxg3 {White
resigns} 0-1

[Event "Team 45 45 League T63"]
[Site "Internet Chess Club"]
[Date "2014.12.12"]
[Round "3"]
[White "laurenpar"]
[Black "jt2000"]
[Result "0-1"]
[WhiteElo "1950"]
[BlackElo "2063"]
[Opening "English: symmetrical variation"]
[ECO "A38"]
[Time "23:34:51"]
[TimeControl "2700+45"]

1. Nf3 c5 2. c4 Nf6 3. g3 g6 4. Bg2 Bg7 5. Nc3 Nc6 6. d4 cxd4 7. Nxd4 O-O 8. O-O
e6 9. Ndb5 Ne8 10. c5 a6 11. Nd6 Nxd6 12. cxd6 b5 13. Ne4 Rb8 14. Rb1 Qa5 15. a3
b4 16. axb4 Nxb4 17. Bd2 Bb7 18. Bc3 Bxe4 19. Bxe4 f5 20. Bg2 Rfc8 21. Bxg7 Kxg7
22. Qd4+ e5 23. Qh4 Qd8 24. Qxd8 Rxd8 25. Rbc1 Rdc8 26. Rc7 Rxc7 27. dxc7 Rc8
28. Rc1 Nc6 29. Ra1 Rxc7 30. Rxa6 Nd4 31. Bf1 Rb7 32. Ra2 Kf6 33. e3 Nf3+ 34.
Kg2 Nd2 35. Be2 Ke6 36. b4 Ne4 37. Rb2 Kd5 38. f3 Nf6 39. Kf2 e4 40. f4 Kc6 41.
Ke1 Nd5 42. b5+ Kc5 43. Kd2 Nc7 44. Rc2+ Kb6 45. Rb2 Ka5 46. Ra2+ Kb4 47. Rb2+
Ka4 48. Kc3 Nd5+ 49. Kd4 Ka3 50. Rb1 Ka2 51. Rd1 Nc7 52. Bc4+ Kb2 53. Kc5 Ne8
54. b6 Kc2 55. Ra1 Rb8 56. Bd5 Rc8+ 57. Kd4 Nd6 58. Ke5 Nc4+ 59. Bxc4 Rxc4 60.
b7 Rb4 61. Ra7 Kd3 62. Kd6 Kxe3 63. Kc7 Kf2 64. Ra2+ Kf3 65. b8=Q Rxb8 66. Kxb8
e3 67. Kc7 e2 68. Rxe2 Kxe2 69. Kxd7 Kf3 70. Ke6 Kg2 {White resigns} 0-1

[Event "Team 45 45 League T63"]
[Site "Internet Chess Club"]
[Date "2014.12.14"]
[Round "3"]
[White "SlimeDog2"]
[Black "ausya"]
[Result "1-0"]
[WhiteElo "2036"]
[BlackElo "1717"]
[Opening "King's Indian, 3.Nf3"]
[ECO "E60"]
[Time "14:05:51"]
[TimeControl "2700+45"]

1. Nf3 Nf6 2. c4 g6 3. d4 c5 4. d5 b5 5. cxb5 a6 6. bxa6 Bg7 7. Nc3 Bxa6 8. g3
d6 9. Bg2 Nbd7 10. Rb1 Nb6 11. b3 O-O 12. O-O Ra7 13. Qd2 Qa8 14. Rd1 Bb7 15. e4
Nfd7 16. Bb2 Rc8 17. Bh3 c4 18. b4 Rd8 19. Nd4 Ne5 20. Qe3 Nd3 21. Ba1 Qb8 22.
Bf1 Ne5 23. f4 Ned7 24. Nc6 Bxc6 25. dxc6 Nf8 26. Nb5 Rc7 27. Nxc7 Qxc7 28. Bxg7
Kxg7 29. b5 Ra8 30. Qc3+ f6 31. Bxc4 Ra4 32. Rb4 Ra8 33. Qb3 Qa7 34. Kh1 Rc8 35.
a4 Rc7 36. Bd5 Qa5 37. Rb1 h6 38. g4 e5 39. fxe5 dxe5 40. Qe3 g5 41. Qc5 Ng6 42.
Qd6 Qa7 43. a5 Nc8 44. Qe6 Nge7 45. Qf7+ Kh8 46. Qxf6+ Kh7 47. b6 Qxa5 48. bxc7
Nxd5 49. Qf7+ Kh8 50. Rb8 Qa6 51. exd5 h5 52. Qd7 {Black resigns} 1-0

[Event "Team 45 45 League T63"]
[Site "Internet Chess Club"]
[Date "2014.12.10"]
[Round "3"]
[White "sharky123"]
[Black "tornado100"]
[Result "1-0"]
[WhiteElo "1800"]
[BlackElo "1666"]
[Opening "Sicilian: accelerated fianchetto, modern variation with Bc4"]
[ECO "B35"]
[Time "18:40:54"]
[TimeControl "2700+45"]

1. e4 c5 2. Nf3 Nc6 3. d4 cxd4 4. Nxd4 g6 5. Nc3 Bg7 6. Be3 Nf6 7. Bc4 O-O 8. f3
Qb6 9. Bb3 Nxe4 10. Nxe4 Bxd4 11. Bxd4 Qxd4 12. Qxd4 Nxd4 13. Ba4 b5 14. O-O-O
e5 15. Bb3 Nxb3+ 16. axb3 f5 17. Nc5 Rf7 18. Rhe1 Re7 19. Rd5 e4 20. fxe4 fxe4
21. Rxe4 Rxe4 22. Nxe4 Bb7 23. Nf6+ Kf7 24. Rxd7+ Kxf6 25. Rxb7 a6 26. Rxh7 g5
27. h3 Kg6 28. Re7 Kf6 29. Rd7 Ke6 30. Rc7 Kf5 31. Re7 Kf6 32. Re3 Rd8 33. Rd3
Ra8 34. Kd2 a5 35. Rd5 b4 36. Ke3 Re8+ 37. Kf3 Ra8 38. Rb5 Ra6 39. c4 Kg6 40.
Kg4 Kf6 41. Rf5+ Kg6 42. Rxg5+ Kh6 43. Rd5 Kg6 44. c5 Kh7 45. Rd6 Ra7 46. c6 Kh8
47. Rd8+ Kh7 48. Rd7+ Kh6 49. Rxa7 a4 50. bxa4 b3 51. c7 Kg6 52. c8=Q Kf6 53.
Qf5# {Black checkmated} 1-0

[Event "Team 45 45 League T63"]
[Site "Internet Chess Club"]
[Date "2014.12.15"]
[Round "3"]
[White "Holzschlange"]
[Black "anna"]
[Result "1/2-1/2"]
[WhiteElo "1819"]
[BlackElo "1800"]
[Opening "Queen's pawn game, Darooha variation "]
[ECO "D02"]
[Time "16:01:58"]
[TimeControl "2700+45"]

1. Nf3 d5 2. d4 Nf6 3. c4 e6 4. g3 b6 5. Bg2 Bb7 6. O-O Be7 7. Qc2 O-O 8. Rd1
Nbd7 9. b3 Rc8 10. Nc3 dxc4 11. bxc4 Bd6 12. e4 Bb4 13. Bb2 Bxc3 14. Bxc3 Bxe4
15. Qe2 Bb7 16. Ne5 Bxg2 17. Kxg2 Nxe5 18. dxe5 Nd7 19. Rd4 Qe7 20. Rh4 Rfd8 21.
Qc2 Nf8 22. Bd2 Ng6 23. Rh5 Qd7 24. Bg5 Qc6+ 25. Kg1 Rd4 26. Rc1 Qe4 27. Qxe4
Rxe4 28. Be3 Rxe5 29. Rxe5 Nxe5 30. c5 bxc5 31. Rxc5 Nd7 32. Ra5 c5 33. Rxa7 Nf8
34. Kf1 h6 35. Ke2 Ng6 36. a4 Kf8 37. a5 Ne5 38. a6 Ke8 39. Rb7 Nd7 40. a7 c4
41. Rc7 Ra8 42. Rxc4 Kd8 43. Rc3 {Game drawn by mutual agreement} 1/2-1/2

[Event "Team 45 45 League T63"]
[Site "Internet Chess Club"]
[Date "2014.12.12"]
[Round "3"]
[White "tcao2005"]
[Black "Warpdrive"]
[Result "0-1"]
[WhiteElo "1544"]
[BlackElo "1651"]
[Opening "Alekhine's defense: modern, Alekhine variation"]
[ECO "B05"]
[Time "21:02:44"]
[TimeControl "2700+45"]

1. e4 Nf6 2. e5 Nd5 3. d4 d6 4. Nf3 Bg4 5. c4 Nb6 6. exd6 exd6 7. Nc3 Be7 8. Be2
O-O 9. Be3 Nc6 10. a4 Bf6 11. a5 Nd7 12. Nd5 Re8 13. O-O Ne7 14. Nxe7+ Rxe7 15.
Ra3 c6 16. b4 a6 17. Nd2 Bxe2 18. Qxe2 Bxd4 19. Qg4 Bxe3 20. fxe3 Nf6 21. Rxf6
Rxe3 22. Rxe3 Qxf6 23. Rf3 Qe6 24. Ne4 Qxg4 {White resigns} 0-1